 Dungeon Crawl Stone Soup version 0.23.2-40-g277498a (webtiles) character file.

Game seed: 4746767970812776978

86 paralogiki the Grave Robber (level 4, -1/33 HPs)
             Began as a Mummy Necromancer on Sept 3, 2019.
             Slain by a centaur (4 damage)
             ... on level 3 of the Dungeon.
             The game lasted 00:05:06 (2236 turns).

paralogiki the Grave Robber (Mummy Necromancer)     Turns: 2236, Time: 00:05:07

Health: -1/33      AC:  5    Str: 11    XL:     4   Next: 27%
Magic:  7/9        EV: 12    Int: 15    God:
Gold:   110        SH:  0    Dex: 12    Spells: 4/10 levels left

rFire    x . .     SeeInvis .   b - +0 dagger
rCold    + . .     Gourm    .   (no shield)
rNeg     + + +     Faith    .   a - +0 robe
rPois    ∞         Spirit   .   j - +0 helmet
rElec    .         Reflect  .   (no cloak)
rCorr    .         Harm     .   c - +1 pair of gloves
MR       .....                  (no boots)
Stlth    ++........             (no amulet)
HPRegen  0.11/turn              (no ring)
MPRegen  0.11/turn              (no ring)

@: confusing touch
A: no food or potions, fire vulnerability, cold resistance 1, negative energy
resistance 3, torment resistance, unbreathing
a: no special abilities


You were on level 3 of the Dungeon.
You were not hungry.

You visited 1 branch of the dungeon, and saw 3 of its levels.

You collected 110 gold pieces.

Inventory:

Hand Weapons
 b - a +0 dagger (weapon)
Armour
 a - a +0 robe (worn)
 c - a +1 pair of gloves (worn)
 j - a +0 helmet (worn)
Jewellery
 l - a +3 ring of intelligence {unknown}
Wands
 k - a wand of enslavement (7)
Scrolls
 d - 2 scrolls of remove curse {unknown}
 e - 3 scrolls of magic mapping {unknown}
 f - a scroll of immolation {unknown}
 g - a scroll of amnesia {unknown}
 h - a scroll of teleportation {unknown}
 i - 3 scrolls of identify {unknown}


   Skills:
 + Level 1.6 Fighting
 - Level 1.5 Dodging
 - Level 1.5 Stealth
 + Level 3.6 Spellcasting
 * Level 0.1 Hexes
 * Level 5.0 Necromancy


You had 4 spell levels left.
You knew the following spells:

 Your Spells              Type           Power        Failure   Level  Hunger
a - Pain                  Necr           ###.         2%          1    N/A
b - Vampiric Draining     Necr           ###.......   7%          3    N/A
c - Animate Skeleton      Necr           N/A          2%          1    N/A
d - Confusing Touch       Hex            #.....       19%         1    N/A

Your spell library contained the following spells:

 Spells                   Type           Power        Failure   Level  Hunger
 Apportation              Tloc           #.....       19%         1    N/A
 Summon Small Mammal      Summ           #...         19%         1    N/A
 Animate Dead             Necr           N/A          24%         4    N/A
 Regeneration             Chrm/Necr      Unusable     N/A         3    N/A

Dungeon Overview and Level Annotations

Branches:
Dungeon (3/15)

Altars:
Qazlal


Innate Abilities, Weirdness & Mutations

You do not eat or drink.
Your flesh is vulnerable to fire.
You are immune to poison.
Your flesh is cold resistant. (rC+)
You are immune to negative energy. (rN+++)
You are immune to unholy pain and torment.
You can survive without breathing.


Message History

You see here 2 arrows.
The centaur shoots an arrow.
The arrow barely misses you.
The centaur shoots an arrow.
The arrow closely misses you.
The centaur shoots an arrow.
The arrow hits you!
The centaur unwields a +0 shortbow.
The centaur closely misses you. The centaur hits you.
Casting: Pain (safe; 2% risk of failure)
Confirm with . or Enter, or press ? or * to list all spells.
Your hands begin to glow red.
The centaur hits you.
Unknown command.
You hit the centaur but do no damage. The centaur hits you.
The centaur hits you!
* * * LOW HITPOINT WARNING * * *
Casting: Confusing Touch (safe; 19% risk of failure)
Confirm with . or Enter, or press ? or * to list all spells.
Aiming: Pain (safe; 2% risk of failure)
Press: ? - help, Shift-Dir - straight line, f - centaur
Aim: a centaur (chance to confuse on hit: 66%, chance to defeat MR: 76%)
The centaur writhes in agony.
The centaur hits you.
You die...

################ #
#..............######
###.########.###......#
.##.#.†......# #..###.########
..#.#.######.###..# #........#
...#......##......###..#####.#
###.#.###.####..#c.....# #
#.#.# #.......@(.....# #.#.#
######..######.# #
#.#^########..# #.# ...
###.#...........# #.##.####
.......#######.## #.c..#(.#
...............# #.#..#(.#
##.###.######### #.##.#..# #.#
#....# #.# .#### #.# ####.#
#.# c...


You could see a centaur.

Vanquished Creatures
  An adder (D:3)
  An ooze (D:2)
  A worm (D:2)
  A dart slug (D:2)
  2 leopard geckos
  6 orcs (D:3)
  7 bats
  3 giant cockroaches
  12 goblins
  8 hobgoblins
  A ball python (D:3)
  5 frilled lizards
  4 kobolds
  8 rats
60 creatures vanquished.

Notes
Turn   | Place    | Note
-------+----------+-------------------------------------------
     0 | D:1      | paralogiki the Mummy Necromancer began the quest for the
                  | Orb.
     0 | D:1      | Reached XP level 1. HP: 13/13 MP: 4/4
   194 | D:1      | Reached XP level 2. HP: 16/20 MP: 3/5
   608 | D:1      | Reached skill level 1 in Fighting
   751 | D:1      | Reached XP level 3. HP: 26/26 MP: 3/7
   793 | D:1      | Learned a level 3 spell: Vampiric Draining
   795 | D:1      | Learned a level 1 spell: Animate Skeleton
  1317 | D:2      | Found a stormy altar of Qazlal.
  1861 | D:3      | Reached XP level 4. HP: 32/32 MP: 5/9
  2029 | D:3      | Learned a level 1 spell: Confusing Touch
  2145 | D:3      | Reached skill level 5 in Necromancy
  2173 | D:3      | Noticed a centaur
  2174 | D:3      | Noticed a +0 dagger
  2174 | D:3      | Noticed a +0 hand axe
  2236 | D:3      | Slain by a centaur

Skill      XL: |  1  2  3  4 |
---------------+-------------+-----
Spellcasting   | 3 |  3.6
Fighting       | 1 |  1.6
Necromancy     | 5 |  5.0
Dodging        | |  1.5
Stealth        | |  1.5
Hexes          | |  0.1

Action                   |  1- 3 |  4- 6 || total
-------------------------+-------+-------++-------
Melee: Unarmed           |     9 |       ||     9
       Dagger            |       |     2 ||     2
 Cast: Pain              |    98 |    22 ||   120
       Confusing Touch   |       |     1 ||     1
Armor: Robe              |     9 |       ||     9
Dodge: Dodged            |    15 |     9 ||    24
